AoeStats
← sam.salorio

Four Lakes

507883814Analyzed
1v1 RM · 11d ago on Sep 20, 2026· 45m 5s· 2 players
Game mode
Random Map
Map size
Tiny (2 player)
Population
200
Speed
Normal
Resources
Standard
Victory
Conquest
Starting age
Dark Age
Ending age
Imperial Age
RankedLock teamsTeams togetherTeam positionsShared explorationLock speedFull tech treeHidden civsTurbo modeCheats
Victory
Defeat
🇦🇺 Franks · Australia
821
+16
🇺🇸 Mongols · United States
831
-16
UNCLE
10:50 Feudal Age
12:29 Double-Bit Axe
12:45 Fishing Lines
14:13 Wheelbarrow
16:15 Forging
16:11 Scale Barding Armor
21:15 Castle Age
21:48 Scale Mail Armor
22:43 Pikeman
24:40 Hand Cart
25:52 Husbandry
29:12 Iron Casting
28:36 Loom
29:56 Squires
29:57 Stone Mining
31:30 Chain Mail Armor
37:18 Fletching
38:22 #83
41:16 Imperial Age
41:54 Chain Barding Armor
42:18 Conscription
41:52 Town Watch
41:30 Cavalier
43:41 Chivalry
43:44 Capped Ram
sam.salorio
3:14 Loom
13:13 Feudal Age
14:05 Town Watch
15:03 Double-Bit Axe
18:37 Castle Age
16:32 Fishing Lines
17:24 Bloodlines
18:40 Scale Barding Armor
20:09 Chain Barding Armor
21:21 Husbandry
21:37 Forging
24:05 Town Patrol
24:36 Gillnets
25:55 Medium Warships
26:27 Iron Casting
28:19 Wheelbarrow
31:07 Hand Cart
32:41 Horse Collar
33:11 Bow Saw
34:45 Gold Mining
35:04 Heavy Plow
38:32 Crossbowman
39:17 Thumb Ring
44:18 Imperial Age
42:10 Light Cavalry
44:17 Fletching
44:27 Fletching
Connection lost

Rejoining the realm…

Still unreachable

The connection could not be restored.

Session expired

The server has moved on; the page needs a fresh start.